 Dungeon Crawl Stone Soup version 0.18.0-2-g198d6d4 (webtiles) character file.

129 imoen the Insei (level 5, -1/27 HPs)
             Began as a Vine Stalker Monk on May 5, 2016.
             Succumbed to a worker ant's poison
             ... on level 4 of the Dungeon.
             The game lasted 00:08:34 (791 turns).

imoen the Insei (Vine Stalker Monk)                  Turns: 791, Time: 00:08:34

Health: -1/27      AC:  4    Str: 13    XL:     5   Next: 12%
Magic:  3/6        EV: 13    Int: 10    God:
Gold:   30         SH:  0    Dex: 18    Spells: 0 memorised, 4 levels left

rFire  . . .     SeeInvis .       - Unarmed
rCold  . . .     Gourm    .     a - +0 robe
rNeg   . . .     Faith    .     (no shield)
rPois  .         Spirit   +     o - +1 helmet
rElec  .         Dismiss  .     (no cloak)
rCorr  .         Reflect  .     (no gloves)
SustAt .         Harm     .     (no boots)
MR     .....                    (no amulet)
Stlth  ++........               (no ring)
                                (no ring)

@: lethally poisoned (-1 -> -8), about to teleport, not resistant to hostile
enchantments, unstealthy
A: fangs 2, regeneration 1, magic shield, antimagic bite, no device heal 3, rot
immunity
a: no special abilities


You were on level 4 of the Dungeon.
You were not hungry.

You visited 1 branch of the dungeon, and saw 4 of its levels.

You collected 30 gold pieces.

Inventory:

Missiles
 n - 18 poisoned needles
Armour
 a - a +0 robe (worn)
 o - a +1 helmet (worn)
   (You found it on level 4 of the Dungeon)
Scrolls
 c - a scroll of magic mapping
 g - a scroll of identify
 h - a scroll of immolation {unknown}
 j - 3 scrolls of random uselessness {unknown}
 l - 3 scrolls of recharging {unknown}
 m - a scroll of remove curse
Potions
 k - 2 potions of flight
Comestibles
 b - 4 bread rations
 d - a fruit
 i - a beef jerky


   Skills:
 - Level 2.6 Fighting
 - Level 2.4 Dodging
 - Level 2.4 Stealth
 + Level 6.2 Unarmed Combat


You had 4 spell levels left.
You didn't know any spells.

Dungeon Overview and Level Annotations

Branches:
Dungeon (4/15)
 Temple: D:4-7

Altars:
Okawaru
Ru
Xom


Innate Abilities, Weirdness & Mutations

You have extremely sharp teeth.
Your natural rate of healing is unusually fast.
When hurt, damage is shared between your health and your magic reserves.
Your bite disrupts and absorbs the magic of your enemies.
Potions and wands cannot restore your health.
You are immune to rotting.


Message History

* * * LOW HITPOINT WARNING * * *
You take 4 damage, and have 12/23 hp.
You now have 3/5 mp.
You closely miss the worker ant.
You feel sick. The worker ant bites you.
* * * LOW HITPOINT WARNING * * *
You are more poisoned.
The worker ant poisons you!
You take 1 damage, and have 11/23 hp.
You now have 2/5 mp.
Unknown command.
You closely miss the worker ant.
You bite the worker ant, but do no damage.
You feel sick. The worker ant barely misses you.
You take 1 damage, and have 10/23 hp.
Unknown command.
You barely miss the worker ant.
You feel sick. The worker ant bites you.
* * * LOW HITPOINT WARNING * * *
You are lethally poisoned!
The worker ant poisons you!
You take 2 damage, and have 8/23 hp.
You hit the worker ant. Your bite misses the worker ant.
* * * LOW HITPOINT WARNING * * *
You feel sick. The worker ant barely misses you.
You take 2 damage, and have 6/23 hp.
Unknown command.
You hit the worker ant.
You kill the worker ant!
You have reached level 5!
* * * LOW HITPOINT WARNING * * *
You feel sick.
Drink which item? (? for menu, Esc to quit)
It was a potion of flight.
You feel very buoyant.
You fly up into the air.
* * * LOW HITPOINT WARNING * * *
You feel sick.
You take 2 damage, and have 5/27 hp.
Drink which item? (? for menu, Esc to quit)
It was a potion of cancellation.
Your magical effects are unravelling.
You feel magically purged.
* * * LOW HITPOINT WARNING * * *
You feel sick.
You take 1 damage, and have 4/27 hp.
Drink which item? (? for menu, Esc to quit)
It was a potion of heal wounds.
That seemed strangely inert.
You float gracefully downwards.
* * * LOW HITPOINT WARNING * * *
You feel sick.
You take 1 damage, and have 3/27 hp.
Read which item? (? for menu, Esc to quit)
As you read the scroll labeled YPNIKHE IVVUOL, it crumbles to dust.
You feel aware of your surroundings.
It was a scroll of magic mapping.
* * * LOW HITPOINT WARNING * * *
You feel sick.
You take 1 damage, and have 2/27 hp.
Unknown command.
Unknown command.
Unknown command.
Unknown command.
Unknown command.
Unknown command.
Unknown command.
Unknown command.
Unknown command.
Unknown command.
Read which item? (? for menu, Esc to quit)
Okay, then.
Unknown command.
Unknown command.
Unknown command.
Unknown command.
Unknown command.
Unknown command.
Unknown command.
Read which item? (? for menu, Esc to quit)
As you read the scroll labeled KIHUYMY METHAD, it crumbles to dust.
It is a scroll of enchant armour.
Enchant which item? (? for menu, Esc to quit)
Your +0 helmet glows green for a moment.
* * * LOW HITPOINT WARNING * * *
You feel sick.
You take 1 damage, and have 1/27 hp.
Read which item? (? for menu, Esc to quit)
As you read the scroll labeled ASEFERCHODDO, it crumbles to dust.
You feel strangely unstable.
It was a scroll of teleportation.
* * * LOW HITPOINT WARNING * * *
You feel sick.
Unknown command.
Read which item? (? for menu, Esc to quit)
Okay, then.
You aren't carrying any items that you can evoke.
Unknown command.
Drink which item? (? for menu, Esc to quit)
Okay, then.
Read which item? (? for menu, Esc to quit)
As you read the scroll labeled ZOADWEMN EMPOUPEW, it crumbles to dust.
It is a scroll of identify.
Identify which item? (\ to view known items) (? for menu, Esc to quit)
m - a scroll of remove curse You die...

******###
**********,,,,,..#
*,,,,,,,**,****#.#
*,#****,#*,* #†#
#.##..,,,.,* #@#
.....#*,##.* #.#
#.#####.##.#####.#
#.#####.##.......#
#.............####
*#......#####.#
##............#
.........#.##.#
.#.......#.##.#


There were no monsters in sight!

Vanquished Creatures
  A jelly (D:3)
  Natasha (twice) (D:4)
  A worker ant (D:4)
  An adder (D:4)
  A worm (D:2)
  3 giant geckos (D:4)
  3 bats
  A giant cockroach (D:1)
  A goblin (D:2)
  2 giant gecko skeletons (D:4)
  A giant newt (D:4)
  A kobold (D:2)
  2 rats (D:2)
20 creatures vanquished.

Notes
Turn   | Place    | Note
--------------------------------------------------------------
     0 | D:1      | imoen the Vine Stalker Monk began the quest for the Orb.
     0 | D:1      | Reached XP level 1. HP: 11/11 MP: 2/2
   212 | D:2      | Reached XP level 2. HP: 16/16 MP: 3/3
   236 | D:3      | Found a sacrificial altar of Ru.
   248 | D:3      | Reached skill level 5 in Unarmed Combat
   248 | D:3      | Reached XP level 3. HP: 15/19 MP: 4/4
   309 | D:4      | Found an iron altar of Okawaru.
   491 | D:4      | Reached XP level 4. HP: 23/23 MP: 5/5
   608 | D:4      | Found a shimmering altar of Xom.
   642 | D:4      | Noticed Natasha
   648 | D:4      | Killed Natasha
   700 | D:4      | Noticed Natasha
   713 | D:4      | Killed Natasha
   713 | D:4      | Reached skill level 6 in Unarmed Combat
   784 | D:4      | Reached XP level 5. HP: 8/27 MP: 2/6
   785 | D:4      | HP: 5/27 [poisoned by a worker ant]
   788 | D:4      | HP: 2/27 [poisoned by a worker ant]
   791 | D:4      | Succumbed to a worker ant's poison

Skill      XL: |  1  2  3  4 |
---------------+-------------+-----
Unarmed Combat | 5 6 |  6.2
Fighting       | |  2.6
Dodging        | |  2.4
Stealth        | |  2.4

Action                   |  1- 3 |  4- 6 || total
-------------------------+-------+-------++-------
Melee: Unarmed           |    47 |    24 ||    71
       Bite              |    11 |    10 ||    21
       Punch             |     1 |       ||     1
  Use: Scroll            |       |     4 ||     4
       Potion            |       |     3 ||     3
 Stab: Sleeping          |     3 |     1 ||     4
Armor: Robe              |    12 |     2 ||    14
Dodge: Dodged            |    40 |     9 ||    49

Vault maps used:
D:1:      dpeg_arrival_orchard, grunt_decor_one_mirror
D:2:      grunt_decor_cap, st_stairs_4, minmay_misc_feat_chi
D:3:      wad_crossroads, nicolae_ashenzari_panopticon, serial_co_window_serial,
          co_window_paths_a, co_window_paths_a, co_window_paths_b,
          co_window_paths_a, co_window_paths_a, co_window_2corner,
          co_window_unsneaky_path_b, co_window_of_opportunity_b,
          glass_columns_c, glass_columns_a, glass_columns_c, glass_columns_a,
          nicolae_ru_awakened_eye
D:4:      lemuel_doored_altar, okawaru_ov_weapons_minmay, first_bread,
          uniq_natasha

Table legend:
 A = Turns spent in this place as a percentage of turns spent in the entire game.
 B = Non-inter-level travel turns spent in this place as a percentage of non-inter-level travel turns spent in the entire game.
 C = Inter-level travel turns spent in this place as a percentage of turns spent in this place.
 D = Turns resting spent in this place as a percentage of non-inter-level travel turns spent in this place.
 E = Turns spent auto-exploring this place as a percentage of non-inter-level travel turns spent in this place.
 F = Non-inter-level travel turns spent in this place divided by the number of levels of this place that you've seen.
                   A       B       C       D       E      F
               +-------+-------+-------+-------+-------+----------------------
         Total | 100.0 | 100.0 |   0.4 |   0.0 |   0.0 | 179.5
       Dungeon | 100.0 | 100.0 |   0.4 |   0.0 |   0.0 | 179.5
               +-------+-------+-------+-------+-------+----------------------

Table legend:
 A = Kills in this place as a percentage of kills in entire the game.
 B = Kills by you in this place as a percentage of kills by you in the entire game.
 C = Kills by friends in this place as a percentage of kills by friends in the entire game.
 D = Other kills in this place as a percentage of other kills in the entire game.
 E = Experience gained in this place as a percentage of experience gained in the entire game.
 F = Experience gained in this place divided by the number of levels of this place that you have seen.
                   A       B       C       D       E      F
               +-------+-------+-------+-------+-------+----------------------
         Total | 100.0 | 100.0 |  -nan |  -nan | 100.0 |  46.2
       Dungeon | 100.0 | 100.0 |  -nan |  -nan | 100.0 |  46.2
               +-------+-------+-------+-------+-------+----------------------
